 Dungeon Crawl Stone Soup version 0.27-a0-291-gd9602db6ee (webtiles) character file.

Game seed: 6079178670852132014

82663 KCGemini the Unseen (level 15, 75/75 HPs)
             Began as a Felid Berserker on Feb 9, 2021.
             Was a High Priest of Trog.
             Quit the game on level 2 of the Snake Pit on Feb 10, 2021.
             The game lasted 00:48:42 (33309 turns).

KCGemini the Unseen (Felid Berserker)              Turns: 33309, Time: 00:48:43

Health: 75/75      AC:  3    Str: 18    XL:     15   Next: 30%
Magic:  16/16      EV: 32    Int:  9    God:    Trog [*****.]
Gold:   1570       SH:  9    Dex: 17    Spells: 14/14 levels left
                                        Lives:  1   Deaths: 1

rFire    + + .     SeeInvis +     - Unarmed
rCold    + . .     Faith    .   (shield unavailable)
rNeg     . . .     Spirit   .   (armour unavailable)
rPois    +         Reflect  +   (helmet unavailable)
rElec    .         Harm     .   (cloak unavailable)
rCorr    .         Rampage  .   (gloves unavailable)
Will     ++...     Clarity  +   (boots unavailable)
Stlth    +++++++...             F - amulet of reflection
HPRegen  0.22/turn              H - ring of poison resistance (curse)
MPRegen  0.15/turn              w - ring of protection from fire

@: quick
A: very small, no armour, no weapons or thrown items, stealth, claws 1, fangs 3,
large bone plates 1, see invisible, clarity, fire resistance 1, speed 1, shaggy
fur 3, sharp paws
a: Renounce Religion, Berserk, Trog's Hand, Brothers in Arms


You were on level 2 of the Snake Pit.
You worshipped Trog.
Trog was extremely pleased with you.
You visited 6 branches of the dungeon, and saw 27 of its levels.

You collected 2084 gold pieces.
You spent 514 gold pieces at shops.

Inventory:

Jewellery
 f - a +4 ring of evasion
 p - an uncursed ring of positive energy
 w - a ring of protection from fire (right paw)
 E - an uncursed ring of protection from fire
 F - an amulet of reflection (around neck)
 H - a cursed ring of poison resistance (left paw)
 J - an uncursed ring of resist corrosion
Wands
 k - a wand of paralysis (12)
 o - a wand of random effects (37)
 r - a wand of charming (15)
 D - a wand of polymorph (4)
Scrolls
 a - 8 scrolls of identify
 c - 16 scrolls of remove curse
 d - 7 scrolls of teleportation
 h - 2 scrolls of blinking
 i - 6 scrolls of fog
 j - 2 scrolls of fear
 s - 4 scrolls of magic mapping
 y - 2 scrolls of immolation
 C - a scroll of vulnerability
 G - 2 scrolls of silence
Potions
 b - 15 potions of curing
 e - 4 potions of magic
 g - 7 potions of haste
 l - 2 potions of flight
 m - 3 potions of might
 n - 3 potions of cancellation
 q - a potion of berserk rage
 t - 6 potions of lignification
 u - a potion of invisibility
 v - 3 potions of attraction
 x - 3 potions of ambrosia
 z - 3 potions of resistance
 A - 3 potions of mutation
 B - 6 potions of heal wounds
Miscellaneous
 I - a phantom mirror (inert)


   Skills:
 * Level 14.2 Fighting
 + Level 16.0 Dodging
 + Level 17.2 Stealth
 + Level 16.4 Unarmed Combat
 - Level 10.0 Evocations


You had 14 spell levels left.
You didn't know any spells.
Your spell library was empty.

Dungeon Overview and Level Annotations

Branches:
Dungeon (15/15)            Temple (0/1) D:6            Lair (6/6) D:9
 Shoals (0/4) Lair:4        Snake (2/4) Lair:3        Slime (0/5) Lair:5
    Orc (2/2) D:9             Elf (1/3) Orc:2        Vaults (0/5) D:13
 Depths (1/5) D:15

Altars:
Fedhas
Gozag
Hepliaklqana
Kikubaaqudgha
Nemelex Xobeh
Okawaru
Qazlal
Ru
Sif Muna
Uskayaw
Vehumet
Wu Jian
Xom
The Shining One

Shops:
D:6 !   D:7 :   Orc:2 :?:=(   Snake:2 =:

Annotations:
D:4 1 transporter
D:6 1 runed translucent door, Crazy Yiuf
D:15 exclusion: downstairs
Lair:3 exclusion: 2 oklob plants


Innate Abilities, Weirdness & Mutations

You cannot wear armour.
You are incapable of wielding weapons or throwing items.
Your paws allow you to move quietly. (Stealth)
You have sharp claws.
You have razor-sharp teeth.
You have supernaturally acute eyesight. (SInv)
You cover ground quickly.
Your thick and shaggy fur keeps you warm. (AC +3, rC+)
Your sharp claws are effective at attacking unaware monsters.
You are partially covered in large bone plates. (SH +4)
You possess an exceptional clarity of mind.
Your flesh is heat resistant. (rF+)


Message History

Okay, then.
Your two-headed ogre goes berserk!
The black mamba bites your two-headed ogre!!
Your two-headed ogre looks as sick as possible!
The black mamba poisons your two-headed ogre!
Your two-headed ogre hits the black mamba with a cursed -1 giant spiked club!!!
The black mamba dies!
Trog accepts your kill.
The shock serpent shoots out a bolt of lightning at you!
The bolt of electricity hits the naga ritualist!!
The bolt of electricity hits your two-headed ogre!!
The bolt of electricity hits you!!
* * * LOW HITPOINT WARNING * * *
The bolt of electricity hits you!
You die...
You hear an angry hiss.
You are now level 15!
You rejoin the land of the living...
Okay, then.
Enter note: ow

#.. #..#
#..#
#..#
#..# ..#
##.#
#@.#
#....#
###....#
###...
#.


There were no monsters in sight!

Vanquished Creatures
  Gastronok (Lair:3)
  Nessos (D:14)
  Snorg (D:14)
  2 boulder beetles
  5 naga warriors (Snake:1)
  8 hydras
  4 anacondas (Snake:2)
  5 two-headed ogres
  2 tengu warriors
  A naga sharpshooter (Snake:1)
  3 orc high priests (Orc:2)
  Sonja (Lair:3)
  A fire crab (shapeshifter) (D:13)
  2 unseen horrors
  5 orc knights (Orc:2)
  A glowing orange brain (D:15)
  A glowing orange brain (shapeshifter) (D:15)
  2 naga ritualists (Snake:2)
  2 wizards
  A harpy (shapeshifter) (D:15)
  A necromancer (D:13)
  Pikel (D:7)
  2 deep elf pyromancers
  5 mana vipers (Snake:2)
  10 ugly things
  5 orc sorcerers
  3 cyclopes
  An elephant (Lair:4)
  4 manticores
  17 black mambas
  A black mamba (shapeshifter) (D:15)
  5 centaur zombies
  An eye of devastation (Lair:5)
  7 naga magi
  18 cane toads
  6 gargoyles
  3 rime drakes
  14 komodo dragons
  A kobold demonologist (D:13)
  Maggie (D:7)
  A tengu conjurer (D:13)
  5 trolls
  7 polar bears
  A merfolk (Lair:4)
  3 hornets (Lair:6)
  13 blink frogs
  2 dream sheep (Lair:6)
  6 slime creatures (D:15)
  A spriggan (shapeshifter) (D:15)
  A wraith (D:14)
  12 spriggans (Lair:6)
  A shadow (D:13)
  Eustachio (D:6)
  40 yaks
  Grum (Lair:1)
  2 humans (D:13)
  3 wyverns
  4 basilisks
  A basilisk (shapeshifter) (D:15)
  A fire elemental (Lair:6)
  6 vampire mosquitoes
  5 wargs
  5 nagas (Snake:1)
  A steam dragon (D:9)
  An acid dragon (D:14)
  13 water moccasins
  Duvessa (D:4)
  A soldier ant (D:15)
  A swamp drake (D:9)
  A hornet zombie (D:11)
  7 ice beasts
  4 sky beasts
  9 black bears
  A necrophage (D:11)
  2 eyes of draining
  24 orc warriors
  28 wolves
  4 boggarts (Lair:6)
  10 centaurs
  6 ogres
  A phantom (D:10)
  6 kobold brigands
  Blork the orc (D:4)
  A gnoll sergeant (D:8)
  2 wyvern zombies
  21 bullfrogs
  Dowan (D:4)
  A wyvern skeleton (D:14)
  4 scorpions
  14 wights
  6 killer bees
  A vampire bat (Lair:6)
  4 howler monkeys
  An electric eel (Lair:4)
  A crimson imp (D:5)
  6 jellies
  2 quasits
  4 bullfrog zombies
  7 hounds
  2 bullfrog skeletons
  8 centaur skeletons
  A gnoll shaman (D:8)
  24 orc priests
  12 iguanas
  Natasha (twice) (D:2)
  24 orc wizards
  19 worker ants
  A killer bee zombie (D:5)
  2 hound skeletons (D:10)
  Robin (D:3)
  14 gnolls
  2 howler monkey skeletons
  16 adders
  2 shadow imps
  7 white imps
  2 ufetubi
  An ooze (D:2)
  2 adder zombies
  3 adder skeletons
  4 dart slugs
  3 worms
  7 leopard geckos
  101 orcs
  2 ball pythons
  5 giant cockroaches
  5 hobgoblins
  16 jackals
  5 quokkas
  A ball python skeleton (D:5)
  15 bats
  5 frilled lizards
  20 goblins
  2 goblin skeletons (D:5)
  A hobgoblin zombie (D:5)
  24 kobolds
  A kobold skeleton (D:5)
  2 kobold zombies (D:5)
  3 leopard gecko skeletons
  2 orc zombies (D:5)
  A quokka zombie (D:5)
  4 rats (D:3)
849 creatures vanquished.

Vanquished Creatures (collateral kills)
  An orc warlord (Orc:2)
  The ghost of RBrandon the Slinger, a journeyman VSBr of Uskayaw (Orc:1)
  An ettin (Orc:1)
  2 hydras
  4 vault guards (D:13)
  An ogre mage (D:13)
  2 boulder beetles (D:14)
  A catoblepas (Lair:3)
  3 centaur warriors
  2 two-headed ogres (D:13)
  An orc high priest (Orc:2)
  Urug (Lair:3)
  The ghost of puppykicker the Ruffian, a novice OgTm (D:8)
  Nergalle (Lair:3)
  2 naga ritualists
  A wizard (D:13)
  A necromancer (D:13)
  2 orc knights
  A deep elf pyromancer (D:15)
  19 ugly things
  2 elephants (Lair:4)
  3 black mambas
  2 komodo dragons (Lair:3)
  A cane toad (Lair:3)
  A kobold demonologist (D:12)
  3 trolls
  3 blink frogs
  5 yaks (Lair:6)
  15 humans
  A warg (Orc:1)
  5 nagas
  11 orc warriors
  An ice beast (D:13)
  2 ogres (D:13)
  10 centaurs (D:12)
  2 bullfrogs
  5 kobold brigands
  A howler monkey (D:11)
  A quasit (D:13)
  4 orc priests
  An iguana (D:11)
  2 orc wizards (D:11)
  12 orcs
  A bat (Lair:6)
  A kobold (D:12)
143 creatures vanquished.

Vanquished Creatures (others)
  An anaconda (Snake:2)
  A yak (Lair:6)
  An orc priest (Orc:2)
  28 fungi
  62 plants
  4 withered plants (D:5)
97 creatures vanquished.

Grand Total: 1089 creatures vanquished

Notes
Turn   | Place    | Note
-------+----------+-------------------------------------------
     0 | D:1      | KCGemini the Felid Berserker began the quest for the Orb.
     0 | D:1      | Reached XP level 1. HP: 10/10 MP: 2/2
    63 | D:1      | Reached skill level 1 in Stealth
    63 | D:1      | Reached XP level 2. HP: 14/14 MP: 3/3
   528 | D:1      | Reached XP level 3. HP: 17/17 MP: 4/4
   838 | D:2      | Reached ** piety under Trog
   839 | D:2      | Reached skill level 2 in Stealth
  1113 | D:2      | Reached XP level 4. HP: 21/21 MP: 5/5
  1146 | D:2      | Found an ornate altar of the Wu Jian Council.
  1198 | D:2      | Noticed Natasha
  1204 | D:2      | Killed Natasha
  1340 | D:2      | Found a radiant altar of Vehumet.
  1479 | D:2      | Noticed Natasha
  1487 | D:2      | Killed Natasha
  1488 | D:2      | Reached XP level 5. HP: 23/25 MP: 6/6
  1610 | D:2      | Reached skill level 3 in Stealth
  1938 | D:3      | Found a sparkling altar of Nemelex Xobeh.
  1946 | D:3      | Reached skill level 5 in Dodging
  2447 | D:3      | Noticed an orc warrior
  2463 | D:3      | Killed an orc warrior
  2464 | D:3      | Reached skill level 5 in Unarmed Combat
  2464 | D:3      | Gained mutation: You are covered in thick fur. (AC +2)
                  | [Felid growth]
  2464 | D:3      | Reached XP level 6. HP: 7/28 MP: 1/7
  2468 | D:3      | Reached skill level 4 in Stealth
  2570 | D:3      | Found a hide-covered altar of Uskayaw.
  2637 | D:3      | Noticed Robin
  2643 | D:3      | Killed Robin
  2646 | D:3      | Reached *** piety under Trog
  3036 | D:4      | Reached skill level 5 in Stealth
  3248 | D:4      | Noticed Blork the orc
  3255 | D:4      | Killed Blork the orc
  3256 | D:4      | Reached XP level 7. HP: 33/33 MP: 8/8
  3594 | D:4      | Reached skill level 6 in Stealth
  3597 | D:4      | Noticed Duvessa
  3603 | D:4      | Noticed Dowan
  3721 | D:4      | Killed Duvessa
  3813 | D:4      | Killed Dowan
  4081 | D:4      | Found a sparkling altar of Nemelex Xobeh.
  4081 | D:4      | Found a transporter.
  4107 | D:4      | Reached skill level 5 in Fighting
  4107 | D:4      | Reached XP level 8. HP: 37/37 MP: 9/9
  4307 | D:4      | Reached skill level 7 in Stealth
  4474 | D:4      | Found a blossoming altar of Fedhas.
  4551 | D:5      | Entered Level 5 of the Dungeon
  4614 | D:4      | Gained mutation: You are partially covered in large bone
                  | plates. (SH +4) [potion of mutation]
  4614 | D:4      | Gained mutation: You possess an exceptional clarity of
                  | mind. [potion of mutation]
  4614 | D:4      | Gained mutation: Your flesh is heat resistant. (rF+)
                  | [potion of mutation]
  4733 | D:5      | Reached **** piety under Trog
  5220 | D:5      | Found a glowing golden altar of the Shining One.
  6295 | D:6      | Noticed Eustachio
  6305 | D:6      | Killed Eustachio
  6333 | D:6      | Reached skill level 8 in Stealth
  6382 | D:6      | Found a staircase to the Ecumenical Temple.
  6412 | D:6      | Reached XP level 9. HP: 41/41 MP: 10/10
  6449 | D:6      | Found Suskoel's Distillery.
  6452 | D:6      | Bought a potion of attraction for 30 gold pieces
  6452 | D:6      | Bought a potion of degeneration for 10 gold pieces
  6452 | D:6      | Bought a potion of ambrosia for 80 gold pieces
  6452 | D:6      | Bought a potion of resistance for 100 gold pieces
  6505 | D:6      | Found a runed translucent door.
  6506 | D:6      | Noticed Crazy Yiuf
  7318 | D:7      | Noticed Maggie
  7327 | D:7      | Killed Maggie
  7644 | D:7      | Found Vecwia's Book Boutique.
  7652 | D:7      | Noticed Pikel
  7685 | D:7      | Killed Pikel
  8324 | D:7      | Reached skill level 9 in Stealth
  8811 | D:8      | Found a runed translucent gate.
  8812 | D:8      | Noticed puppykicker's ghost (novice OgTm)
  8815 | D:8      | Found a runed translucent gate.
  8815 | D:8      | Found a runed translucent gate.
  8882 | D:8      | Reached XP level 10. HP: 45/46 MP: 11/11
  9020 | D:8      | Found an iron altar of Okawaru.
  9136 | D:8      | Found an ancient bone altar of Kikubaaqudgha.
  9136 | D:8      | Found a stormy altar of Qazlal.
  9333 | D:8      | Noticed a two-headed ogre
  9342 | D:8      | Killed a two-headed ogre
  9473 | D:8      | Reached ***** piety under Trog
  9475 | D:8      | Reached skill level 10 in Unarmed Combat
  9780 | D:8      | Found a shimmering altar of Xom.
  9782 | D:8      | Found a hazy altar of Hepliaklqana.
 10353 | D:8      | Killed puppykicker's ghost
 10354 | D:8      | Reached skill level 10 in Stealth
 10721 | D:9      | Found a staircase to the Orcish Mines.
 10967 | D:9      | Found a staircase to the Lair.
 11190 | D:9      | Reached XP level 11. HP: 27/50 MP: 1/12
 11473 | D:9      | Found an opulent altar of Gozag.
 11739 | D:9      | Found a shimmering blue altar of Sif Muna.
 12248 | D:10     | Entered Level 10 of the Dungeon
 12248 | D:10     | Noticed a deep elf pyromancer
 12361 | D:10     | Noticed a two-headed ogre
 12370 | D:10     | Killed a two-headed ogre
 12389 | D:10     | Killed a deep elf pyromancer
 12555 | D:10     | Reached skill level 10 in Dodging
 12817 | D:11     | Noticed a five-headed hydra
 12867 | D:11     | Killed a five-headed hydra
 12868 | D:11     | Reached skill level 11 in Stealth
 13266 | D:11     | Noticed a brown ugly thing
 13318 | D:11     | Killed a brown ugly thing
 13562 | D:11     | Noticed a four-headed hydra
 13584 | D:11     | Killed a four-headed hydra
 14811 | D:12     | Found a hide-covered altar of Uskayaw.
 14811 | D:12     | Found an ornate altar of the Wu Jian Council.
 14811 | D:12     | Noticed a boulder beetle
 14818 | D:12     | Killed a boulder beetle
 14819 | D:12     | Gained mutation: Your thick and shaggy fur keeps you warm.
                  | (AC +3, rC+) [Felid growth]
 14819 | D:12     | Reached XP level 12. HP: 56/56 MP: 13/13
 15165 | D:12     | Reached skill level 12 in Stealth
 15272 | D:12     | what the what?
 15369 | D:12     | Noticed a two-headed ogre
 15383 | D:12     | Killed a two-headed ogre
 15836 | D:13     | Noticed a centaur warrior
 15836 | D:13     | Noticed a centaur warrior
 15836 | D:13     | Noticed an ogre mage
 15836 | D:13     | Noticed a two-headed ogre
 15837 | D:13     | pls
 16114 | D:13     | Killed a centaur warrior
 16119 | D:13     | Killed a two-headed ogre
 16122 | D:13     | Noticed a vault guard
 16123 | D:13     | Killed a vault guard
 16126 | D:13     | Noticed a vault guard
 16132 | D:13     | Killed a centaur warrior
 16142 | D:13     | Noticed a two-headed ogre
 16142 | D:13     | Noticed a vault guard
 16150 | D:13     | Killed a vault guard
 16153 | D:13     | Reached skill level 13 in Stealth
 16155 | D:13     | Killed a vault guard
 16159 | D:13     | Noticed a vault guard
 16160 | D:13     | Killed an ogre mage
 16160 | D:13     | Killed a two-headed ogre
 16169 | D:13     | Killed a vault guard
 16207 | D:13     | Found a gate to the Vaults.
 16403 | D:13     | Reached XP level 13. HP: 61/61 MP: 10/14
 16694 | D:13     | Reached skill level 10 in Fighting
 17053 | D:14     | Reached ****** piety under Trog
 17330 | D:14     | Found a sacrificial altar of Ru.
 17716 | D:14     | Noticed Nessos
 17719 | D:14     | Killed Nessos
 17720 | D:14     | Reached skill level 14 in Stealth
 18107 | D:14     | Noticed Snorg
 18109 | D:14     | Killed Snorg
 18803 | D:15     | Entered Level 15 of the Dungeon
 18846 | D:15     | Reached XP level 14. HP: 66/66 MP: 15/15
 19064 | D:15     | Reached skill level 15 in Unarmed Combat
 19335 | D:15     | Found a shimmering blue altar of Sif Muna.
 19463 | D:15     | Found a staircase to the Depths.
 19469 | D:15     | Reached skill level 15 in Stealth
 19513 | Depths:1 | Entered Level 1 of the Depths
 19798 | D:15     | Found the +2 robe of Vines {NoPotionHeal Regen+7}
 20137 | Orc:1    | Entered Level 1 of the Orcish Mines
 20392 | Orc:1    | Found a runed translucent gate.
 20393 | Orc:1    | Found a runed translucent gate.
 20395 | Orc:1    | Found a runed translucent gate.
 20396 | Orc:1    | Noticed RBrandon's ghost (journeyman VSBr)
 20733 | Orc:1    | Killed RBrandon's ghost
 20815 | Orc:2    | Entered Level 2 of the Orcish Mines
 21314 | Orc:2    | Found Unninlia's Book Shoppe.
 21817 | Orc:2    | Noticed an orc warlord
 22233 | Orc:2    | Found Ibbozewn's Magic Scroll Shoppe.
 22233 | Orc:2    | Found Soamedd's Weapon Boutique.
 22236 | Orc:2    | Found Voal's Book Shoppe.
 22236 | Orc:2    | Found Hisi's Jewellery Boutique.
 22245 | Orc:2    | Bought a scroll of vulnerability for 90 gold pieces
 22356 | Orc:2    | Killed an orc warlord
 22472 | Orc:2    | Found a staircase to the Elven Halls.
 22575 | Elf:1    | Entered Level 1 of the Elven Halls
 22669 | Lair:1   | Entered Level 1 of the Lair of Beasts
 22829 | Lair:1   | Noticed Grum
 22849 | Lair:1   | Killed Grum
 24721 | Lair:2   | Reached XP level 15. HP: 73/73 MP: 16/16
 24953 | Lair:2   | Reached skill level 16 in Stealth
 25535 | Lair:3   | Noticed Sonja
 25543 | Lair:3   | Killed Sonja
 25607 | Lair:3   | Reached skill level 15 in Dodging
 25849 | Lair:3   | Noticed Gastronok
 25874 | Lair:3   | Killed Gastronok
 25952 | Lair:3   | Found a staircase to the Snake Pit.
 25956 | Lair:3   | Noticed Urug
 25963 | Lair:3   | Noticed Nergalle
 25966 | Lair:3   | Killed Urug
 25975 | Lair:3   | Killed Nergalle
 26829 | Lair:4   | Reached skill level 10 in Evocations
 27427 | Lair:4   | Found a staircase to the Shoals.
 28000 | Lair:5   | Found a staircase to the Slime Pits.
 28587 | Lair:6   | Entered Level 6 of the Lair of Beasts
 28742 | Lair:6   | hi
 30827 | Snake:1  | Entered Level 1 of the Snake Pit
 31197 | Snake:1  | Reached XP level 16. HP: 79/79 MP: 17/17
 31877 | Snake:1  | Reached skill level 17 in Stealth
 32298 | Snake:2  | Found Ycextuu's Jewellery Shoppe.
 32308 | Snake:2  | Bought a cursed ring of poison resistance for 204 gold
                  | pieces
 32312 | Snake:2  | Found Azasyv's Book Shop.
 33308 | Snake:2  | Killed from afar by a shock serpent
 33309 | Snake:2  | Reached XP level 15. HP: -6/75 MP: 16/16
 33309 | Snake:2  | ow
 33309 | Snake:2  | Quit the game

Illustrated notes .# .......'...# .# .# .......#...# .# ## .......+...# .. .......+...# .. .......#...# .. ###+####...# ...........##### . ................ # ..######@###(... #..ccccc.#.... #...c.c.c# .). #....cc..# .. #..c..c..# #######+## Turn 15272 on D:12: what the what? # .# ######.## #?......#### #.>.@..c.... #.......#### #..?c...# #.......# #.......# #O..O...# #O.....K# ..O.....# Turn 15837 on D:13: pls

#. ### ....#...# ##b##
........####b@P#####.##
..Y.....##SbbPFF.......
........Y#Yb###.......##
........YYFb.b.F.##...).
.......YhEY.............
..$....FhFFh............
.......YY...†............
......Y?.##.##....P.....P
......°..######........P.


Turn 28742 on Lair:6: hi #.. #..# #..# #..# #..# ..# ##.# #@.# #....# ###....#
###... #. Turn 33309 on Snake:2: ow

Levels and vault maps discovered:
D:1:      dpeg_arrival_stone_temple_mockup, layout_rooms, chequers_arboretum,
          minmay_cut_off
D:2:      layout_basic, nicolae_overflow_crystal_walls,
          overflow_temple_1_default, serial_curves, eino_curves_03,
          eino_curves_03, minmay_tetromino_o2, uniq_natasha
D:3:      layout_rooms, marbit_many_paths, lemuel_crystal_altar, uniq_robin
D:4:      layout_basic, kennysheep_mini, st_stairs_1, grunt_nemelex_the_gamble,
          uniq_blork_the_orc, uniq_duvessa
D:5:      layout_rooms, nicolae_tso_besieged_by_evil, serial_undead,
          serial_undead_e, serial_undead_e, serial_undead_e, serial_undead_b
D:6:      layout_loops_ring, minmay_temple_entry_hall, serial_shops,
          kennysheep_mini_moat, chequers_garden, chequers_serial_rivers_small_b,
          uniq_eustachio, uniq_crazy_yiuf_cottage
D:7:      layout_gridville, serial_shops, nicolae_shop_statue_plus,
          serial_bayou_crossing, uniq_pikel, uniq_maggie
D:8:      layout_basic, regret_index_temple_of_mockery, okawaru_trees_2,
          gammafunk_temple_overflow_wave, gammafunk_ghost_nasty_kobolds,
          special_room [special_room_orc]
D:9:      layout_long_grid, lemuel_round_altar, erik_lair_orcish_takeover,
          erik_orc_1, grunt_gozag_breadcrumbs
D:10:     layout_rooms
D:11:     layout_layer_cave
D:12:     layout_irregular_city, nzn_masters_of_martial_movement
D:13:     layout_roguey, grunt_vaults_entry_tiered
D:14:     layout_basic, grunt_decor_resistance, minivault_19,
          nicolae_ru_the_path_less_chosen, uniq_snorg, uniq_nessos
D:15:     gammafunk_enter_depths_forms, layout_loops_ring, lemuel_blue_sif_altar
Lair:1:   layout_cave_shapes, hangedman_lair_generics_rect, grunt_megastairs_4,
          uniq_grum
Lair:2:   beast_lair_carwin_large_3, layout_cave_pods,
          chequers_serial_rivers_small_b
Lair:3:   layout_regular_city, minmay_snake_entry_guardpost_small,
          lemuel_fruit_tree, grunt_megastairs_2, minmay_lair_oklob_chamber,
          lemuel_fruit_fields, uniq_urug, uniq_sonja, uniq_nergalle,
          uniq_gastronok
Lair:4:   layout_loops_ring, elwin_shoals_entry_rooms, beast_lair_carwin_5,
          serial_bayou_shore_a, grunt_megastairs_3, serial_bayou_shore_b
Lair:5:   layout_cave_shapes, minmay_slime_entry_eyes
Lair:6:   minmay_lair_end_enchanted_forest, layout_gridlike,
          chequers_serial_rivers_small_a, roderic_batcave, grunt_megastairs_5
Snake:1:  layout_grid_maze, st_stairs_7
Snake:2:  layout_layer_cave, serial_shops, shop_statue,
          nicolae_shop_behind_doors, shop, drop_trap, grunt_ministairs_15
Orc:1:    layout_caves, gammafunk_ghost_split
Orc:2:    grunt_orc_tribal_feast, layout_caves, serial_shops, nicolae_shop_trees
Elf:1:    eino_elf_arrival_shootout, layout_rooms, serial_glass,
          glass_columns_b, glass_columns_a, glass_columns_a, glass_columns_a,
          glass_columns_b, glass_columns_a, glass_columns_a, glass_columns_a,
          hangedman_elf_disciples, nicolae_elf_big_sculpture_2,
          evilmike_spriggan_trog_shrine
Depths:1: layout_roguey, grunt_mini_vestibule, lemuel_statue_altar,
          minmay_misc_feat_ornament, hangedman_decor_riveting, minmay_st_funbox,
          kennysheep_doodads, chequers_serial_rivers_micro_e, not_door_vault_mu,
          kennysheep_pointless_box, lemuel_flamethrower_1

Skill      XL: |  1  2  3  4  5  6  7  8  9 10 11 12 13 14 15 16 |
---------------+-------------------------------------------------+-----
Stealth        | 1 2 3 5 6 8 9 10 11 13 14 15 16 17 | 17.2
Unarmed Combat | 4 5 6 7 9 10 12 13 14 15 16 | 16.4
Dodging        | 5 6 7 8 9 11 12 13 14 15 16 | 16.0
Fighting       | 4 5 6 7 8 9 10 12 13 14 | 14.2
Evocations     | 2 4 6 7 10 | 10.0

Action                   |  1- 3 |  4- 6 |  7- 9 | 10-12 | 13-15 | 16-18 || total
-------------------------+-------+-------+-------+-------+-------+-------++-------
Melee: Unarmed           |    74 |   133 |   375 |   615 |  1057 |   119 ||  2373
       Bite              |     7 |    11 |    45 |    77 |   137 |    17 ||   294
       Punch             |       |     2 |    12 |    34 |    84 |     7 ||   139
Invok: Berserk           |     3 |     9 |    10 |    19 |    22 |     5 ||    68
       Trog's Hand       |       |     3 |     5 |    13 |    22 |     4 ||    47
       Brothers in Arms  |       |       |       |     7 |    22 |     4 ||    33
Evoke: Wand              |       |       |     5 |    14 |    24 |     3 ||    46
       Phantom mirror    |       |       |       |       |     1 |     1 ||     2
  Use: Scroll            |       |       |     6 |    18 |    11 |     4 ||    39
       Potion            |       |       |     1 |       |       |       ||     1
 Stab: Sleeping          |     3 |     7 |    24 |    37 |    68 |    11 ||   150
       Confused          |       |       |     2 |       |       |       ||     2
       Distracted        |       |       |     1 |     6 |    13 |     3 ||    23
       Paralysed         |       |       |       |     1 |     3 |       ||     4
Armor: Skin              |     2 |     2 |    12 |    16 |    33 |       ||    65
Dodge: Dodged            |    64 |    95 |   265 |   449 |   942 |    96 ||  1911
Block: Other             |       |       |    46 |    75 |   377 |    37 ||   535
       Reflection        |       |       |       |       |     3 |     2 ||     5

Table legend: (Time is in decaauts)
 A = Elapsed time spent in this place.
 B = Non-inter-level travel time spent in this place.
 C = Inter-level travel time spent in this place.
 D = Time resting spent in this place.
 E = Time spent auto-exploring this place.
 F = Levels seen in this place.
 G = Mean time per level.
                   A        B        C        D        E       F      G
               +--------+--------+--------+--------+--------+-----+--------+
         Total |  29716 |  29041 |    675 |   8846 |  14601 |  27 | 1100.6 |
       Dungeon |  18214 |  17767 |    447 |   5878 |   8625 |  15 | 1214.3 |
          Lair |   7079 |   6946 |    133 |   1298 |   4331 |   6 | 1179.8 |
     Snake Pit |   2237 |   2216 |     21 |    998 |    833 |   2 | 1118.5 |
  Orcish Mines |   2177 |   2104 |     73 |    670 |    812 |   2 | 1088.5 |
   Elven Halls |      5 |      5 |      0 |      0 |      0 |   1 |    5.0 |
        Depths |      2 |      2 |      0 |      0 |      0 |   1 |    2.0 |
               +--------+--------+--------+--------+--------+-----+--------+

Top non-repeatable levels by time:
  Lair:6: 1895 daAuts
     D:8: 1751 daAuts
    D:11: 1668 daAuts
    D:14: 1580 daAuts
     D:5: 1567 daAuts
  Lair:1: 1511 daAuts
     D:9: 1438 daAuts
     D:7: 1423 daAuts
   Orc:2: 1312 daAuts
  Lair:4: 1300 daAuts
 Snake:1: 1271 daAuts
     D:4: 1239 daAuts
     D:3: 1219 daAuts
    D:13: 1058 daAuts
    D:15: 1054 daAuts
